 Dungeon Crawl Stone Soup version 0.28-b1-25-g9875b3fc8c (webtiles) character file.

Game seed: 10652798325222430866

399 tsouns the Charlatan (level 6, -3/47 HPs)
             Began as a Gnoll Artificer on Feb 8, 2022.
             Was a Believer of Kikubaaqudgha.
             Slain by a gnoll sergeant (11 damage)
             ... on level 4 of the Dungeon.
             The game lasted 00:10:22 (5765 turns).

tsouns the Charlatan (Gnoll Artificer)              Turns: 5765, Time: 00:10:23

Health: -3/47      AC:  3    Str: 11    XL:     6   Next: 84%
Magic:  9/9        EV: 10    Int: 13    God:    Kikubaaqudgha [**....]
Gold:   147        SH: 10    Dex: 12    Spells: 8/9 levels left

rFire   . . .      SeeInvis .   p - +1 dagger (vamp)
rCold   . . .      Faith    .   v - +2 kite shield
rNeg    . . .      Spirit   .   b - +0 leather armour
rPois   .          Reflect  .   (helmet restricted)
rElec   .          Harm     .   (no cloak)
rCorr   .          Rampage  .   (no gloves)
Will    +....                   (no boots)
Stlth   ++........              (no amulet)
HPRegen 0.15/turn               f - ring of willpower
MPRegen 0.11/turn               (no ring)

@: unable to read
A: fangs 1, strong nose, distributed training, antennae 1, inability to read
while threatened
a: Renounce Religion, Receive Corpses


You were on level 4 of the Dungeon.
You worshipped Kikubaaqudgha.
Kikubaaqudgha was pleased with you.
You visited 1 branch of the dungeon, and saw 4 of its levels.

You collected 147 gold pieces.

Inventory:

Hand Weapons
 a - a +0 club
 p - a +1 vampiric dagger (weapon)
Armour
 b - a +0 leather armour (worn)
 q - the +0 helmet "Xumnogg" {Int+2}
   (You found it on level 3 of the Dungeon)

   Int:       It affects your intelligence (+2).
 v - a +2 kite shield (worn)
Magical Staves
 j - a staff of cold
Jewellery
 f - a ring of willpower (left hand)
Wands
 c - a wand of flame (12) (quivered)
 d - a wand of charming (5)
Scrolls
 g - a scroll of amnesia {unknown}
 h - 5 scrolls of identify {unknown}
 k - a scroll of teleportation {unknown}
 l - 2 scrolls of holy word {unknown}
 m - a scroll of fog {unknown}
 r - 2 scrolls of enchant weapon {unknown}
 s - a scroll of brand weapon {unknown}
 u - 2 scrolls of immolation {unknown}
 w - a scroll of enchant armour {unknown}
Potions
 i - 4 potions of curing
 n - a potion of mutation
 o - a potion of brilliance {unknown}
 t - a potion of might {unknown}
Miscellaneous
 e - a piece from Xom's chessboard (14/15)


   Skills:
 + Level 3.3 Fighting
 + Level 2.1 Short Blades
 + Level 2.1 Long Blades
 + Level 2.1 Axes
 + Level 2.1 Maces & Flails
 + Level 2.1 Polearms
 + Level 2.1 Staves
 + Level 2.1 Slings
 + Level 2.1 Bows
 + Level 2.1 Crossbows
 + Level 2.1 Throwing
 + Level 5.0 Armour
 + Level 3.3 Dodging
 + Level 3.2 Stealth
 + Level 2.1 Shields
 + Level 2.1 Unarmed Combat
 + Level 2.1 Spellcasting
 + Level 1.7 Conjurations
 + Level 1.7 Hexes
 + Level 1.7 Summonings
 + Level 1.7 Necromancy
 + Level 1.7 Translocations
 + Level 1.7 Transmutations
 + Level 1.7 Fire Magic
 + Level 1.7 Ice Magic
 + Level 1.7 Air Magic
 + Level 1.7 Earth Magic
 + Level 1.7 Poison Magic
 + Level 2.3 Invocations
 + Level 6.9 Evocations


You had 8 spell levels left.
You knew the following spells:

 Your Spells              Type           Power      Damage    Failure   Level
a - Animate Skeleton      Necr           10%        N/A       45%         1

Your spell library contained the following spells:

 Spells                   Type           Power      Damage    Failure   Level
 Pain                     Necr           20%        1d5       45%         1
 Call Canine Familiar     Summ           5%         N/A       83%         3
 Portal Projectile        Hex/Tloc       10%        N/A       83%         3
 Vampiric Draining        Necr           5%         2d6       83%         3
 Leda's Liquefaction      Hex/Erth       2%         N/A       99%         4
 Agony                    Necr           5%         N/A       100%        5


Dungeon Overview and Level Annotations

Branches:
Dungeon (4/15)
 Temple: D:4-7

Altars:
Kikubaaqudgha

Annotations:
D:3 Dowan, Edmund


Innate Abilities, Weirdness & Mutations

You have very sharp teeth.
Your uncanny sense of smell can sniff out nearby items.
Your experience applies equally to all skills.
You have a pair of small antennae on your head.
You sometimes lose the ability to read scrolls when taking damage.


Message History

What are your orders? t - Bark!
Orders for allies: a - Attack new target. r - Retreat! s - Stop attacking. g - Guard the area. f - Follow me.
Anything else - Cancel.
Gang up on whom?
Press: ? - help, Dir - move target, f - gnoll
Aim: a gnoll, wielding a +0 whip (heavily wounded) Attack!
Your gnoll sergeant completely misses the gnoll.
The gnoll hits your gnoll sergeant with a +0 whip.
Your gnoll sergeant hits the gnoll with a +0 spear.
The gnoll hits your gnoll sergeant but does no damage.
Your gnoll sergeant hits the gnoll with a +0 spear.
The gnoll dies!
Kikubaaqudgha accepts your kill.
There is an open door here.
Things that are here:
a +0 dagger; a kobold corpse What are your orders? t - Bark!
Orders for allies: a - Attack new target. r - Retreat! s - Stop attacking. g - Guard the area. f - Follow me.
Anything else - Cancel.
Guard this area!
There is an open door here.
You close the door.
A gnoll sergeant opens the door.
It is wielding a +0 spear.
You hit the gnoll sergeant.
You feel better.
The gnoll sergeant is heavily wounded.
The gnoll sergeant hits you with a +0 spear!
You feel threatened and lose the ability to read scrolls!
* * * LOW HITPOINT WARNING * * *
You hit the gnoll sergeant but do no damage.
The gnoll sergeant is heavily wounded.
The gnoll sergeant hits you with a +0 spear!
You die...
Kikubaaqudgha rasps: "You have failed me!
Welcome... death!"

#......>..............).
#.......................
#........†[.............
#...................)...
#.......................
#.......................
#.......)...............
###'####g#####..########
..##..)##@..####..##
..................... ∆
.........)[..........
......................#
......................+∆
..#.##...#########...##
..## #...# ##### ......
......


You could see a gnoll sergeant.

Vanquished Creatures
  Duvessa (D:4)
  Natasha (twice) (D:3)
  5 adders
  3 worms
  2 dart slugs
  3 orcs (D:3)
  A ball python (D:1)
  7 bats
  6 endoplasms
  4 giant cockroaches
  9 goblins
  4 hobgoblins
  5 kobolds
  3 quokkas
  A frilled lizard (D:2)
56 creatures vanquished.

Vanquished Creatures (collateral kills)
  A centaur zombie (D:3)
  A jelly (D:3)
  Robin (D:4)
  2 gnolls (D:4)
  An endoplasm (D:3)
  4 goblins
  4 hobgoblins (D:4)
  A rat (D:3)
15 creatures vanquished.

Vanquished Creatures (others)
  An ogre (D:4)
  An iguana (D:4)
  Ijyb (D:4)
  Natasha (D:3)
  A gnoll (D:4)
  A goblin (D:3)
  A plant (D:1)
  4 toadstools (D:1)
11 creatures vanquished.

Grand Total: 82 creatures vanquished

Notes
Turn   | Place    | Note
-------+----------+-------------------------------------------
     0 | D:1      | tsouns the Gnoll Artificer began the quest for the Orb.
     0 | D:1      | Reached XP level 1. HP: 17/17 MP: 1/1
    53 | D:1      | Reached XP level 2. HP: 9/23 MP: 2/2
   372 | D:1      | Found a faded altar of an unknown god.
   459 | D:1      | Prayed at the altar of an unknown god.
   459 | D:1      | Became a worshipper of Kikubaaqudgha
   459 | D:1      | Reached * piety under Kikubaaqudgha
   459 | D:1      | Received a gift from Kikubaaqudgha
   462 | D:1      | Learned a level 1 spell: Animate Skeleton
  1268 | D:2      | Reached XP level 3. HP: 26/28 MP: 3/3
  1799 | D:2      | Reached skill level 1 in Invocations
  2001 | D:2      | Reached skill level 1 in Short Blades
  2001 | D:2      | Reached skill level 1 in Long Blades
  2001 | D:2      | Reached skill level 1 in Axes
  2001 | D:2      | Reached skill level 1 in Maces & Flails
  2001 | D:2      | Reached skill level 1 in Polearms
  2001 | D:2      | Reached skill level 1 in Staves
  2001 | D:2      | Reached skill level 1 in Slings
  2001 | D:2      | Reached skill level 1 in Bows
  2001 | D:2      | Reached skill level 1 in Crossbows
  2001 | D:2      | Reached skill level 1 in Throwing
  2001 | D:2      | Reached skill level 1 in Shields
  2001 | D:2      | Reached skill level 1 in Unarmed Combat
  2001 | D:2      | Reached skill level 1 in Spellcasting
  2205 | D:2      | Reached XP level 4. HP: 8/34 MP: 5/5
  3568 | D:3      | Noticed Natasha
  3574 | D:3      | Reached skill level 1 in Conjurations
  3574 | D:3      | Reached skill level 1 in Hexes
  3574 | D:3      | Reached skill level 1 in Summonings
  3574 | D:3      | Reached skill level 1 in Necromancy
  3574 | D:3      | Reached skill level 1 in Translocations
  3574 | D:3      | Reached skill level 1 in Transmutations
  3574 | D:3      | Reached skill level 1 in Fire Magic
  3574 | D:3      | Reached skill level 1 in Ice Magic
  3574 | D:3      | Reached skill level 1 in Air Magic
  3574 | D:3      | Reached skill level 1 in Earth Magic
  3574 | D:3      | Reached skill level 1 in Poison Magic
  3596 | D:3      | Reached XP level 5. HP: 17/40 MP: 5/7
  3611 | D:4      | Noticed Robin
  3616 | D:3      | Your ally Natasha died
  3965 | D:3      | Identified the +0 helmet "Xumnogg" {Int+2}
  4014 | D:3      | Reached ** piety under Kikubaaqudgha
  4239 | D:3      | Noticed Natasha
  4251 | D:3      | Killed Natasha
  4558 | D:3      | Noticed Natasha
  4573 | D:3      | Killed Natasha
  4858 | D:3      | Reached XP level 6. HP: 40/47 MP: 8/8
  5098 | D:4      | Noticed Duvessa
  5098 | D:4      | Noticed Dowan
  5117 | D:4      | Killed Duvessa
  5118 | D:4      | Reached skill level 5 in Armour
  5302 | D:4      | Noticed Edmund
  5359 | D:4      | Killed Robin
  5678 | D:4      | Noticed Ijyb
  5695 | D:4      | Your ally Ijyb died
  5708 | D:4      | Gained mutation: You have a pair of small antennae on your
                  | head. [potion of mutation]
  5708 | D:4      | Gained mutation: You sometimes lose the ability to read
                  | scrolls when taking damage. [potion of mutation]
  5765 | D:4      | Slain by a gnoll sergeant

Illustrated notes

Levels and vault maps discovered:
D:1:      ldierk_walled_garden_2, layout_rooms,
          shapermc_ecumenical_altar_mp_urbaneastern
D:2:      layout_basic, hangedman_decor_push
D:3:      layout_basic, uniq_natasha
D:4:      layout_gridville, gammafunk_ghost_arena, uniq_ijyb, uniq_edmund,
          uniq_duvessa, uniq_robin

Skill      XL: |  1  2  3  4  5  6 |
---------------+-------------------+-----
Invocations    | 1 2 |  2.3
Short Blades   | 1 2 |  2.1
Long Blades    | 1 2 |  2.1
Axes           | 1 2 |  2.1
Maces & Flails | 1 2 |  2.1
Polearms       | 1 2 |  2.1
Staves         | 1 2 |  2.1
Slings         | 1 2 |  2.1
Bows           | 1 2 |  2.1
Crossbows      | 1 2 |  2.1
Throwing       | 1 2 |  2.1
Shields        | 1 2 |  2.1
Unarmed Combat | 1 2 |  2.1
Spellcasting   | 1 2 |  2.1
Conjurations   | 1 |  1.7
Hexes          | 1 |  1.7
Summonings     | 1 |  1.7
Necromancy     | 1 |  1.7
Translocations | 1 |  1.7
Transmutations | 1 |  1.7
Fire Magic     | 1 |  1.7
Ice Magic      | 1 |  1.7
Air Magic      | 1 |  1.7
Earth Magic    | 1 |  1.7
Poison Magic   | 1 |  1.7
Fighting       | 3 |  3.3
Dodging        | 3 |  3.3
Armour         | 5 |  5.0
Stealth        | 3 |  3.2
Evocations     | |  6.9

Action                   |  1- 3 |  4- 6 || total
-------------------------+-------+-------++-------
Melee: Club              |   118 |    72 ||   190
       Bite              |    10 |    33 ||    43
       Punch             |     3 |     6 ||     9
       Dagger            |       |   173 ||   173
 Cast: Animate Skeleton  |     1 |     3 ||     4
Evoke: Wand              |    13 |    11 ||    24
       Piece from Xom's  |       |     3 ||     3
  Use: Potion            |       |     2 ||     2
 Stab: Sleeping          |       |     1 ||     1
       Petrified         |       |     6 ||     6
       Distracted        |       |     1 ||     1
Armor: Leather armour    |    29 |    56 ||    85
Dodge: Dodged            |    94 |   140 ||   234
Block: Kite shield       |       |     5 ||     5
